Penguins vs Rampage

Created - Friday, January 15, 2016 at 01:45

Goals
1 2 3 T
Penguins 1 0 0 1
Rampage 4 7 2 13
Shots
1 2 3 T
Penguins 15 6 4 25
Rampage 5 17 12 34

1st period

1. Rampage , Liam O'Brien 6 (Bryan Rust, Ladislav Smid) at 3:07
2. Rampage , Daniel Briere 6 (Christian Thomas, Taylor Beck) at 11:04
3. Rampage , Daniel Briere 7 (Christian Thomas, Taylor Beck) at 11:47
4. Rampage , Liam O'Brien 7 (Bryan Rust, Ladislav Smid) at 14:11 (PP)
5. Penguins , Justin Vaive 1 (Danny Biega, Dustin Gazley) at 15:50 (PP)

Penalties :
Trevor Parkes (WBS) for Tripping (Minor) at 12:28, Tomas Kundratek (SAN) for Fighting (Major) at 14:40, Carson McMillan (WBS) for Fighting (Major) at 14:40, Daniel Briere (SAN) for Tripping (Minor) at 15:00, Tanner Richard (SAN) for Holding (Minor) at 18:21

2nd period

6. Rampage , Liam O'Brien 8 (Bryan Rust, Tomas Kundratek) at 1:01
7. Rampage , Christian Thomas 12 (Ladislav Smid) at 1:31
8. Rampage , Tomas Kundratek 1 (Ladislav Smid, Connor Brickley) at 3:18
9. Rampage , Liam O'Brien 9 (Matthew Corrente, Bryan Rust) at 4:34
10. Rampage , Christian Thomas 13 (Taylor Beck) at 7:05 (PP)
11. Rampage , Taylor Beck 9 (Keaton Ellerby, Christian Thomas) at 9:06
12. Rampage , Taylor Beck 10 (Christian Thomas) at 9:54

Penalties :
Keaton Ellerby (SAN) for Fighting (Major) at 2:54, Carson McMillan (WBS) for Fighting (Major) at 2:54, FARM PLAYER33 (WBS) for Cross-checking (Minor) at 5:09, Tomas Kundratek (SAN) for Fighting (Major) at 7:10, Jeff Schultz (WBS) for Fighting (Major) at 7:10, Christian Thomas (SAN) for Fighting (Major) at 9:59, Justin Vaive (WBS) for Fighting (Major) at 9:59, Justin Vaive (WBS) for instigated a fight (Minor) at 9:59, Justin Vaive (WBS) for instigated a fight (10 Minutes Misconduct) at 9:59

3rd period

13. Rampage , Bryan Rust 8 (Liam O'Brien, Keaton Ellerby) at 4:58 (PP)
14. Rampage , Christian Thomas 14 (Taylor Beck, Daniel Briere) at 10:44 (PP)

Penalties :
Christian Thomas (SAN) for Fighting (Major) at 2:35, Carson McMillan (WBS) for Fighting (Major / Game Misconduct) at 2:35, FARM PLAYER22 (WBS) for Interference (Minor) at 3:58, Adam Clendening (WBS) for Tripping (Minor) at 10:40, Charles Sarault (WBS) for Tripping (Minor) at 11:44

Goalie Stats

FARM GOALIE14 (WBS), 18 saves from 27 shots - (0.667), L, 0-21-1, 49:37 minutes
FARM GOALIE20 (WBS), 3 saves from 7 shots - (0.429), 10:23 minutes
Viktor Fasth (SAN), 24 saves from 25 shots - (0.960), W, 5-1-5, 60:00 minutes

Players Stats for Penguins

Player Name              G  A  P  +/- PIM S  H  SB GA TA FO     MP     PP MP  PK MP  
------------------------------------------------------------------------------------
Adam Clendening          0  0  0  -5  2   4  0  1  4  2  0/0    27:10   2:42   4:06 
Carson McMillan          0  0  0   0  25  0  0  0  2  0  2/4     8:18   0:00   0:00 
Charles Sarault          0  0  0  -4  2   4  1  0  2  1  7/11   16:49   1:00   0:00 
Danny Biega              0  1  1  -5  0   5  2  2  2  0  0/0    26:56   2:42   4:10 
Drew Bagnall             0  0  0   0  0   0  0  0  0  0  0/0     0:00   0:00   0:00 
Dustin Gazley            0  1  1  -4  0   3  0  0  3  0  3/3    16:47   1:00   0:00 
FARM PLAYER15            0  0  0  -4  0   0  0  1  0  1  0/1    18:19   0:07   0:53 
FARM PLAYER22            0  0  0  -3  2   0  0  0  0  1  0/0    20:41   0:07   4:31 
FARM PLAYER33            0  0  0  -2  2   0  0  0  0  0  0/0    14:28   0:00   0:04 
FARMPLAYER2              0  0  0  -4  0   1  1  2  6  0  9/12   23:07   1:49   4:31 
Garrett Meurs            0  0  0  -1  0   1  2  0  0  1  0/0    15:01   0:00   0:00 
Jason Gregoire           0  0  0  -1  0   0  0  1  1  1  1/2    11:48   0:00   0:00 
Jeff Schultz             0  0  0   0  5   0  1  0  0  1  0/0    12:06   0:00   0:00 
Justin Vaive             1  0  1  -4  17  1  1  1  1  1  1/1    15:43   1:00   4:06 
Patrice Cormier          0  0  0  -3  0   3  1  1  1  0  5/7    21:02   1:49   7:22 
Philippe Cornet          0  0  0  -1  0   3  1  0  0  1  1/4    16:17   0:00   1:16 
Ryan Olsen               0  0  0  -1  0   0  0  0  0  0  2/4    11:45   0:00   2:29 
Trevor Parkes            0  0  0  -3  2   0  0  0  0  0  0/2    14:52   1:49   1:16 

Players Stats for Rampage

Player Name              G  A  P  +/- PIM S  H  SB GA TA FO     MP     PP MP  PK MP  
------------------------------------------------------------------------------------
Benn Ferriero            0  0  0   0  0   2  2  1  3  1  0/0    15:08   0:00   0:00 
Bryan Rust               1  4  5   4  0   2  2  1  2  1  2/3    19:41   3:50   0:00 
Christian Thomas         3  4  7   5  10  3  2  0  3  1  0/1    14:57   3:23   0:20 
Colton Sceviour          0  0  0   0  0   1  1  0  3  1  1/2     7:49   0:22   0:00 
Connor Brickley          0  1  1   4  0   0  1  0  0  0  0/0    19:20   3:06   0:00 
Daniel Briere            2  1  3   5  2   2  1  1  0  0  8/23   23:20   5:35   1:39 
David Pastrnak           0  0  0   0  0   0  0  0  0  0  0/0     1:10   0:00   0:00 
Joe Faust                0  0  0   2  0   0  0  0  0  1  0/0    10:07   0:00   0:00 
Joel Chouinard           0  0  0   2  0   1  0  0  0  0  0/0    13:54   0:06   0:00 
Jordan Szwarz            0  0  0   0  0   3  1  0  2  1  6/11   15:28   0:00   0:20 
Keaton Ellerby           0  2  2   3  5   0  2  0  1  0  0/0    20:28   4:32   0:00 
Ladislav Smid            0  4  4   4  0   5  2  4  0  3  0/0    29:41   6:02   2:49 
Liam O'Brien             4  1  5   4  0   6  3  2  3  1  2/9    20:03   4:12   0:00 
Matthew Corrente         0  1  1   4  0   2  4  0  0  3  0/0    23:31   3:46   2:49 
Max Friberg              0  0  0   0  0   0  0  0  0  0  0/0     0:00   0:00   0:00 
Tanner Richard           0  0  0   0  2   0  2  0  0  0  1/2    16:24   0:00   0:50 
Taylor Beck              2  4  6   5  0   6  1  0  3  0  0/0    23:47   5:35   2:29 
Tomas Kundratek          1  1  2   3  10  1  1  0  0  1  0/0    22:24   2:56   0:08 

3 Stars

1 - Liam O'Brien (SAN)
2 - Taylor Beck (SAN)
3 - Christian Thomas (SAN)

Power Play

Penguins - 1 on 2 Attempt(s) - 50.00%
Rampage - 4 on 6 Attempt(s) - 66.67%

Penalty Kill

Penguins - 2 on 6 Attempt(s) - 33.33% - Score 0 goal in Penalty Kill
Rampage - 1 on 2 Attempt(s) - 50.00% - Score 0 goal in Penalty Kill

Team Stat

Penguins - Hits : 10 - Faceoff Wins : 31 - Blocked Shots : 9 - Penalty Minutes : 57
Rampage - Hits : 25 - Faceoff Wins : 20 - Blocked Shots : 9 - Penalty Minutes : 29

Official

Referees : Unknown
Linesman : Unknown

Game Notes

FARM GOALIE20 enters game at 14:11 of 1st period
Carson McMillan beats up Tomas Kundratek at 14:40 of 1st period
Liam O'Brien has scored a Hat Trick!
Keaton Ellerby beats up Carson McMillan at 2:54 of 2nd period
FARM GOALIE14 enters game at 4:34 of 2nd period
Jeff Schultz beats up Tomas Kundratek at 7:10 of 2nd period
Justin Vaive beats up Christian Thomas at 9:59 of 2nd period
Christian Thomas beats up Carson McMillan at 2:35 of 3rd period
Carson McMillan ejected from game at 2:35 of 3rd period
Carson McMillan from Penguins is suspended for 1 game(s)
Christian Thomas has scored a Hat Trick!

Finance

Level 1 -- Attendance: 1628 (81.40%) -- Ticket Income $53,724
Level 2 -- Attendance: 719 (71.90%) -- Ticket Income $9,347
Total Attendance: 2347 (78.23%)
Total Ticket Income: $63,071
Other Income: $30,905
Total Income: $93,976

Penguins

5 vs 5 Forward 
   Center                   Left Wing                Right Wing               Time % Phy DF OF 
 1 FARMPLAYER2              Patrice Cormier          Trevor Parkes            35     1   2  2  
 2 Charles Sarault          Justin Vaive             Dustin Gazley            30     1   2  2  
 3 Carson McMillan          Philippe Cornet          Garrett Meurs            22     1   2  2  
 4 Ryan Olsen               Jason Gregoire           FARMPLAYER2              13     1   2  2  

5 vs 5 Defense 
   Defense                  Defense                                           Time % Phy DF OF 
 1 Adam Clendening          Danny Biega                                       35     1   2  2  
 2 FARM PLAYER22            FARM PLAYER15                                     30     1   2  2  
 3 Jeff Schultz             FARM PLAYER33                                     22     1   2  2  
 4 Danny Biega              Adam Clendening                                   13     1   2  2  

PowerPlay Forward 
   Center                   Left Wing                Right Wing               Time % Phy DF OF 
 1 FARMPLAYER2              Patrice Cormier          Trevor Parkes            60     1   2  2  
 2 Charles Sarault          Justin Vaive             Dustin Gazley            40     1   2  2  

PowerPlay Defense
   Defense                  Defense                                           Time % Phy DF OF 
 1 Adam Clendening          Danny Biega                                       60     1   2  2  
 2 FARM PLAYER22            FARM PLAYER15                                     40     1   2  2  

Penalty Kill 4 Players Forward 
   Center                   Wing                     Time % Phy DF OF 
 1 Patrice Cormier          Justin Vaive             60     1   2  2  
 2 Philippe Cornet          Trevor Parkes            40     1   2  2  

Penalty Kill 4 Players Defense
   Defense                  Defense                  Time % Phy DF OF 
 1 Adam Clendening          Danny Biega              60     1   2  2  
 2 FARMPLAYER2              FARM PLAYER22            40     1   2  2  

Penalty Kill - 3 Players Forward 
   Forward                                           Time % Phy DF OF 
 1 Patrice Cormier                                   60     1   2  2  
 2 Justin Vaive                                      40     1   2  2  

Penalty Kill - 3 Players Defense
   Defense                  Defense                  Time % Phy DF OF 
 1 Adam Clendening          Danny Biega              60     1   2  2  
 2 FARMPLAYER2              FARM PLAYER22            40     1   2  2  

4 vs 4 Forward 
   Center                   Wing                     Time % Phy DF OF 
 1 Patrice Cormier          Justin Vaive             60     1   2  2  
 2 Philippe Cornet          Trevor Parkes            40     1   2  2  

4 vs 4 Defense
   Defense                  Defense                  Time % Phy DF OF 
 1 Adam Clendening          Danny Biega              60     1   2  2  
 2 FARMPLAYER2              FARM PLAYER22            40     1   2  2  

Last Minutes Offensive
   Center                   Left Wing                Right Wing               Defense                  Defense                  
   FARMPLAYER2              Patrice Cormier          Trevor Parkes            Adam Clendening          Danny Biega              

Last Minutes Defensive
   Center                   Left Wing                Right Wing               Defense                  Defense                  
   FARMPLAYER2              Patrice Cormier          Trevor Parkes            Adam Clendening          Danny Biega              

Goaltenders
Starting : FARM GOALIE14            
Backup : FARM GOALIE20            

Extra Forwards
Normal : Carson McMillan, Jason Gregoire, Ryan Olsen - PP : Carson McMillan, Jason Gregoire - PK : Ryan Olsen
Extra Defensemen
Normal : Adam Clendening, FARM PLAYER33, Danny Biega - PP : FARMPLAYER2 - PK : FARM PLAYER33, FARMPLAYER2
Penalty Shots
FARMPLAYER2, Patrice Cormier, Justin Vaive, Philippe Cornet, Trevor Parkes

Rampage

5 vs 5 Forward 
   Center                   Left Wing                Right Wing               Time % Phy DF OF 
 1 Daniel Briere            Taylor Beck              Christian Thomas         35     0   1  4  
 2 Liam O'Brien             Bryan Rust               Connor Brickley          30     0   1  4  
 3 Jordan Szwarz            Tanner Richard           Benn Ferriero            22     1   3  1  
 4 Colton Sceviour          Taylor Beck              Daniel Briere            13     1   3  1  

5 vs 5 Defense 
   Defense                  Defense                                           Time % Phy DF OF 
 1 Tomas Kundratek          Ladislav Smid                                     35     0   1  4  
 2 Keaton Ellerby           Matthew Corrente                                  30     0   1  4  
 3 Tomas Kundratek          Joel Chouinard                                    22     0   4  1  
 4 Joe Faust                Ladislav Smid                                     13     0   1  4  

PowerPlay Forward 
   Center                   Left Wing                Right Wing               Time % Phy DF OF 
 1 Daniel Briere            Taylor Beck              Christian Thomas         60     0   0  5  
 2 Liam O'Brien             Bryan Rust               Connor Brickley          40     0   1  4  

PowerPlay Defense
   Defense                  Defense                                           Time % Phy DF OF 
 1 Tomas Kundratek          Ladislav Smid                                     60     0   0  5  
 2 Matthew Corrente         Keaton Ellerby                                    40     0   0  5  

Penalty Kill 4 Players Forward 
   Center                   Wing                     Time % Phy DF OF 
 1 Daniel Briere            Taylor Beck              60     1   4  0  
 2 Christian Thomas         Jordan Szwarz            40     1   4  0  

Penalty Kill 4 Players Defense
   Defense                  Defense                  Time % Phy DF OF 
 1 Matthew Corrente         Ladislav Smid            60     1   4  0  
 2 Tomas Kundratek          Keaton Ellerby           40     1   4  0  

Penalty Kill - 3 Players Forward 
   Forward                                           Time % Phy DF OF 
 1 Daniel Briere                                     60     1   4  0  
 2 Tanner Richard                                    40     1   4  0  

Penalty Kill - 3 Players Defense
   Defense                  Defense                  Time % Phy DF OF 
 1 Tomas Kundratek          Keaton Ellerby           60     1   4  0  
 2 Joe Faust                Ladislav Smid            40     1   4  0  

4 vs 4 Forward 
   Center                   Wing                     Time % Phy DF OF 
 1 Daniel Briere            Christian Thomas         60     0   1  4  
 2 Taylor Beck              Benn Ferriero            40     0   1  4  

4 vs 4 Defense
   Defense                  Defense                  Time % Phy DF OF 
 1 Ladislav Smid            Keaton Ellerby           60     0   1  4  
 2 Joel Chouinard           Matthew Corrente         40     0   1  4  

Last Minutes Offensive
   Center                   Left Wing                Right Wing               Defense                  Defense                  
   Daniel Briere            Taylor Beck              Christian Thomas         Keaton Ellerby           Ladislav Smid            

Last Minutes Defensive
   Center                   Left Wing                Right Wing               Defense                  Defense                  
   Daniel Briere            Taylor Beck              Christian Thomas         Keaton Ellerby           Ladislav Smid            

Goaltenders
Starting : Viktor Fasth             
Backup : FARM GOALIE5             

Extra Forwards
Normal : Daniel Briere, Taylor Beck, Christian Thomas - PP : Liam O'Brien, Bryan Rust - PK : Daniel Briere
Extra Defensemen
Normal : Tomas Kundratek, Joel Chouinard, Joe Faust - PP : Ladislav Smid - PK : Ladislav Smid, Keaton Ellerby
Penalty Shots
Daniel Briere, Taylor Beck, Christian Thomas, Liam O'Brien, Bryan Rust

% Time on Ice - Penguins

Lines # - Real PCT - Wanted PCT - Time Play
Normal Forward
1 - 26% - 35% - 12:43
2 - 33% - 30% - 15:47
3 - 31% - 22% - 15:01
4 - 10% - 13% - 4:59
Normal Defense
1 - 33% - 35% - 15:47
2 - 31% - 30% - 15:12
3 - 29% - 22% - 14:02
4 - 7% - 13% - 3:29
PP Forward
1 - 64% - 60% - 1:49
2 - 36% - 40% - 1:00
PP Defense
1 - 96% - 60% - 2:42
2 - 4% - 40% - 0:07
PK Forward
1 - 85% - 60% - 7:25
2 - 15% - 40% - 1:16
PK Defense
1 - 48% - 60% - 4:10
2 - 52% - 40% - 4:31
PK3 Forward
1 - 0% - 60%
2 - 0% - 40%
PK3 Defense
1 - 0% - 60%
2 - 0% - 40%
44 Forward
1 - 0% - 60%
2 - 0% - 40%
44 Defense
1 - 0% - 60%
2 - 0% - 40%
Last Minute Offensive  - 0:00
Last Minute Defensive  - 0:00
Total
Forward - 60:00
Defense - 60:00

% Time on Ice - Rampage

Lines # - Real PCT - Wanted PCT - Time Play
Normal Forward
1 - 27% - 35% - 13:09
2 - 33% - 30% - 15:51
3 - 31% - 22% - 15:08
4 - 9% - 13% - 4:22
Normal Defense
1 - 26% - 35% - 12:32
2 - 34% - 30% - 16:41
3 - 23% - 22% - 10:59
4 - 17% - 13% - 8:18
PP Forward
1 - 64% - 60% - 5:35
2 - 36% - 40% - 3:06
PP Defense
1 - 57% - 60% - 4:55
2 - 43% - 40% - 3:46
PK Forward
1 - 88% - 60% - 2:29
2 - 12% - 40% - 0:20
PK Defense
1 - 100% - 60% - 2:49
2 - 0% - 40% - 0:00
PK3 Forward
1 - 0% - 60%
2 - 0% - 40%
PK3 Defense
1 - 0% - 60%
2 - 0% - 40%
44 Forward
1 - 0% - 60%
2 - 0% - 40%
44 Defense
1 - 0% - 60%
2 - 0% - 40%
Last Minute Offensive  - 0:00
Last Minute Defensive  - 0:00
Total
Forward - 60:00
Defense - 60:00

Play by Play

1st period


0:01 of 1st period - FARMPLAYER2 wins face-off versus Daniel Briere in neutral zone.
0:06 of 1st period - Daniel Briere is hit by Danny Biega and loses puck.
0:35 of 1st period - Wrist shot by FARMPLAYER2.
0:35 of 1st period - Deflect By Patrice Cormier.
0:35 of 1st period - Stopped by Viktor Fasth with a rebound.
0:51 of 1st period - Wrist shot by Dustin Gazley.
0:51 of 1st period - Shot Misses the Net.
0:57 of 1st period - Justin Vaive is hit by Liam O'Brien and loses puck.
1:24 of 1st period - Charles Sarault is hit by Matthew Corrente and loses puck.
3:07 of 1st period - Wrist shot by Liam O'Brien.
3:07 of 1st period - Goal by Liam O'Brien - Penguins : 0 - Rampage : 1.
3:08 of 1st period - FARMPLAYER2 wins face-off versus Jordan Szwarz in neutral zone.
3:13 of 1st period - Jordan Szwarz is hit by Patrice Cormier and loses puck.
3:46 of 1st period - Wrist shot by Dustin Gazley.
3:46 of 1st period - Shot Misses the Net.
3:48 of 1st period - Wrist shot by FARM PLAYER22.
3:48 of 1st period - Shot Blocked by Benn Ferriero.
3:50 of 1st period - Snap shot by Charles Sarault.
3:50 of 1st period - Stopped by Viktor Fasth with a rebound.
3:52 of 1st period - Backhand shot by Dustin Gazley.
3:52 of 1st period - Shot Misses the Net.
3:54 of 1st period - Slapshot by Justin Vaive.
3:54 of 1st period - Shot Misses the Net.
4:06 of 1st period - Wrist shot by Justin Vaive.
4:06 of 1st period - Shot Misses the Net.
4:08 of 1st period - Slapshot by Danny Biega.
4:08 of 1st period - Deflect By Dustin Gazley.
4:08 of 1st period - Stopped by Viktor Fasth with a rebound.
4:10 of 1st period - Slapshot by Adam Clendening.
4:10 of 1st period - Shot Misses the Net.
4:45 of 1st period - Keaton Ellerby is hit by Philippe Cornet and loses puck.
5:29 of 1st period - FARMPLAYER2 is hit by Matthew Corrente and loses puck.
6:04 of 1st period - Icing by Tomas Kundratek.
6:05 of 1st period - FARMPLAYER2 wins face-off versus Liam O'Brien in Rampage zone.
6:42 of 1st period - Snap shot by Taylor Beck.
6:42 of 1st period - Shot Misses the Net.
6:44 of 1st period - Snap shot by Joel Chouinard.
6:44 of 1st period - Stopped by FARM GOALIE14 without a rebound.
6:45 of 1st period - Carson McMillan wins face-off versus Colton Sceviour in Penguins zone.
6:52 of 1st period - Snap shot by Carson McMillan.
6:52 of 1st period - Deflect By Philippe Cornet.
6:52 of 1st period - Stopped by Viktor Fasth without a rebound.
6:53 of 1st period - Dustin Gazley wins face-off versus Jordan Szwarz in Rampage zone.
8:39 of 1st period - Adam Clendening is hit by Bryan Rust and loses puck.
9:04 of 1st period - Backhand shot by Taylor Beck.
9:04 of 1st period - Shot Misses the Net.
9:55 of 1st period - Icing by Taylor Beck.
9:56 of 1st period - Daniel Briere wins face-off versus Ryan Olsen in Rampage zone.
10:21 of 1st period - Wrist shot by Carson McMillan.
10:21 of 1st period - Shot Hit the Post.
10:37 of 1st period - Wrist shot by Liam O'Brien.
10:37 of 1st period - Shot Misses the Net.
11:02 of 1st period - Wrist shot by Christian Thomas.
11:02 of 1st period - Shot Misses the Net.
11:04 of 1st period - Snap shot by Daniel Briere.
11:04 of 1st period - Goal by Daniel Briere - Penguins : 0 - Rampage : 2.
11:05 of 1st period - Carson McMillan wins face-off versus Jordan Szwarz in neutral zone.
11:08 of 1st period - Snap shot by Philippe Cornet.
11:08 of 1st period - Stopped by Viktor Fasth with a rebound.
11:41 of 1st period - Snap shot by Taylor Beck.
11:41 of 1st period - Shot Misses the Net.
11:43 of 1st period - Slapshot by Christian Thomas.
11:43 of 1st period - Shot Blocked by Justin Vaive.
11:45 of 1st period - Snap shot by Daniel Briere.
11:45 of 1st period - Shot Blocked by FARM PLAYER15.
11:47 of 1st period - Wrist shot by Daniel Briere.
11:47 of 1st period - Goal by Daniel Briere - Penguins : 0 - Rampage : 3.
11:48 of 1st period - Liam O'Brien wins face-off versus Charles Sarault in neutral zone.
12:28 of 1st period - Minor Penalty to Trevor Parkes for Tripping.
12:29 of 1st period - Patrice Cormier wins face-off versus Daniel Briere in Penguins zone.
12:56 of 1st period - Wrist shot by Christian Thomas.
12:56 of 1st period - Shot Misses the Net.
13:42 of 1st period - FARMPLAYER2 is hit by Christian Thomas and loses puck.
14:11 of 1st period - Wrist shot by Liam O'Brien.
14:11 of 1st period - Goal by Liam O'Brien - Penguins : 0 - Rampage : 4.
14:11 of 1st period - FARM GOALIE20 enters game.
14:12 of 1st period - Jordan Szwarz wins face-off versus Carson McMillan in neutral zone.
14:37 of 1st period - Slapshot by Danny Biega.
14:37 of 1st period - Stopped by Viktor Fasth with a rebound.
14:39 of 1st period - Slapshot by Adam Clendening.
14:39 of 1st period - Shot Blocked by Ladislav Smid.
14:40 of 1st period - Carson McMillan beats up Tomas Kundratek.
14:40 of 1st period - Penalty to Tomas Kundratek for Fighting.
14:40 of 1st period - Penalty to Carson McMillan for Fighting.
14:41 of 1st period - Ryan Olsen wins face-off versus Daniel Briere in Rampage zone.
14:58 of 1st period - Wrist shot by FARMPLAYER2.
14:58 of 1st period - Shot Misses the Net.
15:00 of 1st period - Minor Penalty to Daniel Briere for Tripping.
15:01 of 1st period - FARMPLAYER2 wins face-off versus Tanner Richard in Rampage zone.
15:22 of 1st period - Slapshot by Adam Clendening.
15:22 of 1st period - Shot Misses the Net.
15:24 of 1st period - Wrist shot by Patrice Cormier.
15:24 of 1st period - Shot Blocked by Ladislav Smid.
15:26 of 1st period - Wrist shot by Patrice Cormier.
15:26 of 1st period - Stopped by Viktor Fasth with a rebound.
15:28 of 1st period - Slapshot by Danny Biega.
15:28 of 1st period - Stopped by Viktor Fasth with a rebound.
15:50 of 1st period - Snap shot by Justin Vaive.
15:50 of 1st period - Goal by Justin Vaive - Penguins : 1 - Rampage : 4.
15:51 of 1st period - Jason Gregoire wins face-off versus Bryan Rust in neutral zone.
15:54 of 1st period - Slapshot by Garrett Meurs.
15:54 of 1st period - Shot Misses the Net.
16:04 of 1st period - Slapshot by Philippe Cornet.
16:04 of 1st period - Stopped by Viktor Fasth without a rebound.
16:05 of 1st period - Bryan Rust wins face-off versus Philippe Cornet in Rampage zone.
16:12 of 1st period - Wrist shot by Garrett Meurs.
16:12 of 1st period - Stopped by Viktor Fasth with a rebound.
16:22 of 1st period - Slapshot by Jason Gregoire.
16:22 of 1st period - Shot Blocked by Bryan Rust.
17:05 of 1st period - Slapshot by Ladislav Smid.
17:05 of 1st period - Deflect By Daniel Briere.
17:05 of 1st period - Shot Blocked by Patrice Cormier.
17:05 of 1st period - Puck is out of play.
17:06 of 1st period - Charles Sarault wins face-off versus Daniel Briere in Penguins zone.
17:22 of 1st period - Christian Thomas is hit by Charles Sarault.
17:33 of 1st period - Icing by Joel Chouinard.
17:34 of 1st period - FARMPLAYER2 wins face-off versus Daniel Briere in Rampage zone.
17:35 of 1st period - Wrist shot by Patrice Cormier.
17:35 of 1st period - Shot Blocked by Daniel Briere.
18:21 of 1st period - Minor Penalty to Tanner Richard for Holding.
18:22 of 1st period - Charles Sarault wins face-off versus Daniel Briere in Rampage zone.
18:36 of 1st period - Off-side.
18:37 of 1st period - Charles Sarault wins face-off versus Daniel Briere in neutral zone.
18:44 of 1st period - Slapshot by Adam Clendening.
18:44 of 1st period - Stopped by Viktor Fasth with a rebound.
18:46 of 1st period - Slapshot by Charles Sarault.
18:46 of 1st period - Stopped by Viktor Fasth with a rebound.
18:48 of 1st period - Backhand shot by Danny Biega.
18:48 of 1st period - Stopped by Viktor Fasth without a rebound.
18:49 of 1st period - Daniel Briere wins face-off versus Trevor Parkes in Rampage zone.
18:58 of 1st period - Slapshot by Adam Clendening.
18:58 of 1st period - Deflect By FARMPLAYER2.
18:58 of 1st period - Shot Misses the Net.
18:58 of 1st period - Puck is out of play.
18:59 of 1st period - FARMPLAYER2 wins face-off versus Daniel Briere in Rampage zone.
19:10 of 1st period - Slapshot by Adam Clendening.
19:10 of 1st period - Shot Misses the Net.
19:14 of 1st period - Slapshot by Adam Clendening.
19:14 of 1st period - Deflect By Taylor Beck.
19:14 of 1st period - Stopped by Viktor Fasth with a rebound.
19:40 of 1st period - Penalty to Tomas Kundratek is over, Tomas Kundratek is back on ice.
Goals for this period are 1 for Penguins vs 4 for Rampage.
Shots for this period are 15 for Penguins vs 5 for Rampage.

2nd period


0:01 of 2nd period - FARMPLAYER2 wins face-off versus Daniel Briere in neutral zone.
0:04 of 2nd period - Slapshot by Adam Clendening.
0:04 of 2nd period - Shot Blocked by Ladislav Smid.
0:18 of 2nd period - Slapshot by Adam Clendening.
0:18 of 2nd period - Shot Blocked by Ladislav Smid.
0:21 of 2nd period - Penalty to Tanner Richard is over, Tanner Richard is back on ice.
0:35 of 2nd period - Off-side.
0:36 of 2nd period - Dustin Gazley wins face-off versus Liam O'Brien in neutral zone.
1:01 of 2nd period - Wrist shot by Liam O'Brien.
1:01 of 2nd period - Goal by Liam O'Brien - Penguins : 1 - Rampage : 5.
1:02 of 2nd period - FARMPLAYER2 wins face-off versus Daniel Briere in neutral zone.
1:05 of 2nd period - Slapshot by Danny Biega.
1:05 of 2nd period - Stopped by Viktor Fasth with a rebound.
1:31 of 2nd period - Snap shot by Christian Thomas.
1:31 of 2nd period - Goal by Christian Thomas - Penguins : 1 - Rampage : 6.
1:32 of 2nd period - Justin Vaive wins face-off versus Liam O'Brien in neutral zone.
1:53 of 2nd period - Snap shot by Adam Clendening.
1:53 of 2nd period - Deflect By Liam O'Brien.
1:53 of 2nd period - Stopped by Viktor Fasth with a rebound.
1:55 of 2nd period - Slapshot by Adam Clendening.
1:55 of 2nd period - Deflect By Charles Sarault.
1:55 of 2nd period - Stopped by Viktor Fasth without a rebound.
1:56 of 2nd period - Daniel Briere wins face-off versus FARMPLAYER2 in Rampage zone.
2:54 of 2nd period - Keaton Ellerby beats up Carson McMillan.
2:54 of 2nd period - Penalty to Keaton Ellerby for Fighting.
2:54 of 2nd period - Penalty to Carson McMillan for Fighting.
2:55 of 2nd period - Charles Sarault wins face-off versus Liam O'Brien in Rampage zone.
3:10 of 2nd period - Slapshot by Bryan Rust.
3:10 of 2nd period - Stopped by FARM GOALIE20 with a rebound.
3:12 of 2nd period - Snap shot by Ladislav Smid.
3:12 of 2nd period - Shot Misses the Net.
3:14 of 2nd period - Snap shot by Connor Brickley.
3:14 of 2nd period - Shot Misses the Net.
3:16 of 2nd period - Slapshot by Ladislav Smid.
3:16 of 2nd period - Shot Blocked by Danny Biega.
3:18 of 2nd period - Snap shot by Tomas Kundratek.
3:18 of 2nd period - Goal by Tomas Kundratek - Penguins : 1 - Rampage : 7.
3:19 of 2nd period - Daniel Briere wins face-off versus FARMPLAYER2 in neutral zone.
3:44 of 2nd period - Ladislav Smid is hit by Danny Biega and loses puck.
4:09 of 2nd period - Christian Thomas is hit by Justin Vaive and loses puck.
4:22 of 2nd period - Slapshot by Bryan Rust.
4:22 of 2nd period - Shot Misses the Net.
4:24 of 2nd period - Snap shot by Liam O'Brien.
4:24 of 2nd period - Shot Misses the Net.
4:26 of 2nd period - Snap shot by Connor Brickley.
4:26 of 2nd period - Shot Blocked by Danny Biega.
4:28 of 2nd period - Snap shot by Matthew Corrente.
4:28 of 2nd period - Stopped by FARM GOALIE20 with a rebound.
4:30 of 2nd period - Snap shot by Bryan Rust.
4:30 of 2nd period - Shot Misses the Net.
4:32 of 2nd period - Slapshot by Matthew Corrente.
4:32 of 2nd period - Stopped by FARM GOALIE20 with a rebound.
4:34 of 2nd period - Snap shot by Liam O'Brien.
4:34 of 2nd period - Goal by Liam O'Brien - Penguins : 1 - Rampage : 8.
4:34 of 2nd period - FARM GOALIE14 enters game.
4:35 of 2nd period - Philippe Cornet wins face-off versus Liam O'Brien in neutral zone.
5:09 of 2nd period - Minor Penalty to FARM PLAYER33 for Cross-checking.
5:10 of 2nd period - Patrice Cormier wins face-off versus Daniel Briere in Penguins zone.
6:41 of 2nd period - FARMPLAYER2 is hit by Liam O'Brien and loses puck.
6:58 of 2nd period - Patrice Cormier is hit by Ladislav Smid and loses puck.
7:03 of 2nd period - Slapshot by Christian Thomas.
7:03 of 2nd period - Shot Misses the Net.
7:05 of 2nd period - Snap shot by Christian Thomas.
7:05 of 2nd period - Goal by Christian Thomas - Penguins : 1 - Rampage : 9.
7:06 of 2nd period - Tanner Richard wins face-off versus Jason Gregoire in neutral zone.
7:10 of 2nd period - Jeff Schultz beats up Tomas Kundratek.
7:10 of 2nd period - Penalty to Tomas Kundratek for Fighting.
7:10 of 2nd period - Penalty to Jeff Schultz for Fighting.
7:11 of 2nd period - Jordan Szwarz wins face-off versus Ryan Olsen in Penguins zone.
7:12 of 2nd period - Wrist shot by Benn Ferriero.
7:12 of 2nd period - Stopped by FARM GOALIE14 with a rebound.
7:14 of 2nd period - Snap shot by Benn Ferriero.
7:14 of 2nd period - Shot Blocked by FARMPLAYER2.
8:00 of 2nd period - Slapshot by Danny Biega.
8:00 of 2nd period - Stopped by Viktor Fasth without a rebound.
8:01 of 2nd period - Bryan Rust wins face-off versus FARM PLAYER15 in Rampage zone.
9:02 of 2nd period - Slapshot by Taylor Beck.
9:02 of 2nd period - Stopped by FARM GOALIE14 with a rebound.
9:06 of 2nd period - Wrist shot by Taylor Beck.
9:06 of 2nd period - Goal by Taylor Beck - Penguins : 1 - Rampage : 10.
9:07 of 2nd period - FARMPLAYER2 wins face-off versus Jordan Szwarz in neutral zone.
9:12 of 2nd period - Wrist shot by Patrice Cormier.
9:12 of 2nd period - Stopped by Viktor Fasth with a rebound.
9:34 of 2nd period - Slapshot by Tanner Richard.
9:34 of 2nd period - Deflect By Benn Ferriero.
9:34 of 2nd period - Stopped by FARM GOALIE14 with a rebound.
9:36 of 2nd period - Backhand shot by Ladislav Smid.
9:36 of 2nd period - Deflect By Patrice Cormier.
9:36 of 2nd period - Stopped by FARM GOALIE14 with a rebound.
9:38 of 2nd period - Slapshot by Ladislav Smid.
9:38 of 2nd period - Stopped by FARM GOALIE14 with a rebound.
9:54 of 2nd period - Backhand shot by Taylor Beck.
9:54 of 2nd period - Goal by Taylor Beck - Penguins : 1 - Rampage : 11.
9:55 of 2nd period - Daniel Briere wins face-off versus Charles Sarault in neutral zone.
9:59 of 2nd period - Justin Vaive beats up Christian Thomas.
9:59 of 2nd period - Penalty to Christian Thomas for Fighting.
9:59 of 2nd period - Penalty to Justin Vaive for Fighting.
9:59 of 2nd period - Penalty to Justin Vaive for instigated a fight.
9:59 of 2nd period - Penalty to Justin Vaive for instigated a fight.
10:00 of 2nd period - Daniel Briere wins face-off versus Patrice Cormier in Penguins zone.
11:44 of 2nd period - Snap shot by Colton Sceviour.
11:44 of 2nd period - Shot Blocked by FARMPLAYER2.
11:46 of 2nd period - Snap shot by Ladislav Smid.
11:46 of 2nd period - Shot Misses the Net.
11:48 of 2nd period - Slapshot by Ladislav Smid.
11:48 of 2nd period - Stopped by FARM GOALIE14 without a rebound.
11:49 of 2nd period - Colton Sceviour wins face-off versus Philippe Cornet in Penguins zone.
11:59 of 2nd period - Penalty to Justin Vaive is over, FARM PLAYER22 is send on ice.
12:06 of 2nd period - Slapshot by Liam O'Brien.
12:06 of 2nd period - Shot Misses the Net.
12:20 of 2nd period - Ryan Olsen is hit by Tanner Richard and loses puck.
12:48 of 2nd period - Wrist shot by Tanner Richard.
12:48 of 2nd period - Shot Misses the Net.
12:50 of 2nd period - Slapshot by Tomas Kundratek.
12:50 of 2nd period - Deflect By Jordan Szwarz.
12:50 of 2nd period - Shot Blocked by Adam Clendening.
12:50 of 2nd period - Puck is out of play.
12:51 of 2nd period - Charles Sarault wins face-off versus Daniel Briere in Penguins zone.
12:51 of 2nd period - Charles Sarault is hit by Taylor Beck.
13:14 of 2nd period - Taylor Beck is hit by Jeff Schultz and loses puck.
14:03 of 2nd period - Joel Chouinard is hit by Garrett Meurs and loses puck.
14:35 of 2nd period - Adam Clendening is hit by Jordan Szwarz and loses puck.
15:24 of 2nd period - Jeff Schultz is hit by Liam O'Brien and loses puck.
16:03 of 2nd period - Charles Sarault is hit by Keaton Ellerby and loses puck.
17:21 of 2nd period - Icing by Matthew Corrente.
17:22 of 2nd period - Ryan Olsen wins face-off versus Jordan Szwarz in Rampage zone.
18:18 of 2nd period - Off-side.
18:19 of 2nd period - Patrice Cormier wins face-off versus Christian Thomas in neutral zone.
18:24 of 2nd period - Slapshot by Taylor Beck.
18:24 of 2nd period - Stopped by FARM GOALIE14 with a rebound.
18:46 of 2nd period - Wrist shot by Bryan Rust.
18:46 of 2nd period - Shot Misses the Net.
19:58 of 2nd period - Snap shot by Dustin Gazley.
19:58 of 2nd period - Stopped by Viktor Fasth without a rebound.
19:59 of 2nd period - Dustin Gazley wins face-off versus Liam O'Brien in Rampage zone.
Goals for this period are 0 for Penguins vs 7 for Rampage.
Shots for this period are 6 for Penguins vs 17 for Rampage.

3rd period


0:01 of 3rd period - Daniel Briere wins face-off versus FARMPLAYER2 in neutral zone.
0:31 of 3rd period - Snap shot by Taylor Beck.
0:31 of 3rd period - Stopped by FARM GOALIE14 without a rebound.
0:32 of 3rd period - Liam O'Brien wins face-off versus Charles Sarault in Penguins zone.
0:51 of 3rd period - Snap shot by Dustin Gazley.
0:51 of 3rd period - Stopped by Viktor Fasth with a rebound.
0:53 of 3rd period - Slapshot by Adam Clendening.
0:53 of 3rd period - Shot Blocked by Liam O'Brien.
0:55 of 3rd period - Snap shot by Charles Sarault.
0:55 of 3rd period - Stopped by Viktor Fasth with a rebound.
1:04 of 3rd period - Slapshot by Adam Clendening.
1:04 of 3rd period - Shot Blocked by Liam O'Brien.
1:09 of 3rd period - Slapshot by Danny Biega.
1:09 of 3rd period - Shot Misses the Net.
1:29 of 3rd period - Tomas Kundratek is hit by FARMPLAYER2.
1:50 of 3rd period - FARMPLAYER2 is hit by Ladislav Smid and loses puck.
2:06 of 3rd period - Icing by Ladislav Smid.
2:07 of 3rd period - Jordan Szwarz wins face-off versus Carson McMillan in Rampage zone.
2:35 of 3rd period - Christian Thomas beats up Carson McMillan.
2:35 of 3rd period - Penalty to Christian Thomas for Fighting.
2:35 of 3rd period - Penalty to Carson McMillan for Fighting.
2:35 of 3rd period - Carson McMillan is ejected from game.
2:36 of 3rd period - Charles Sarault wins face-off versus Daniel Briere in Penguins zone.
2:49 of 3rd period - Dustin Gazley is hit by Matthew Corrente and loses puck.
3:00 of 3rd period - Snap shot by Colton Sceviour.
3:00 of 3rd period - Shot Misses the Net.
3:10 of 3rd period - Snap shot by Colton Sceviour.
3:10 of 3rd period - Shot Misses the Net.
3:12 of 3rd period - Snap shot by Taylor Beck.
3:12 of 3rd period - Shot Blocked by Jason Gregoire.
3:22 of 3rd period - Snap shot by Liam O'Brien.
3:22 of 3rd period - Shot Misses the Net.
3:44 of 3rd period - Snap shot by Liam O'Brien.
3:44 of 3rd period - Shot Misses the Net.
3:46 of 3rd period - Wrist shot by Bryan Rust.
3:46 of 3rd period - Shot Misses the Net.
3:48 of 3rd period - Slapshot by Ladislav Smid.
3:48 of 3rd period - Stopped by FARM GOALIE14 with a rebound.
3:58 of 3rd period - Minor Penalty to FARM PLAYER22 for Interference.
3:59 of 3rd period - Patrice Cormier wins face-off versus Daniel Briere in Penguins zone.
4:56 of 3rd period - Wrist shot by Liam O'Brien.
4:56 of 3rd period - Shot Misses the Net.
4:58 of 3rd period - Snap shot by Bryan Rust.
4:58 of 3rd period - Goal by Bryan Rust - Penguins : 1 - Rampage : 12.
4:59 of 3rd period - 10 Minutes Misconduct Penalty to Justin Vaive is over.
4:59 of 3rd period - Jordan Szwarz wins face-off versus Philippe Cornet in neutral zone.
5:02 of 3rd period - Jeff Schultz is hit by Benn Ferriero and loses puck.
5:27 of 3rd period - Snap shot by Keaton Ellerby.
5:27 of 3rd period - Deflect By Jordan Szwarz.
5:27 of 3rd period - Stopped by FARM GOALIE14 with a rebound.
7:15 of 3rd period - Philippe Cornet is hit by Tanner Richard.
7:36 of 3rd period - Wrist shot by Liam O'Brien.
7:36 of 3rd period - Stopped by FARM GOALIE14 with a rebound.
7:38 of 3rd period - Slapshot by Ladislav Smid.
7:38 of 3rd period - Stopped by FARM GOALIE14 with a rebound.
7:40 of 3rd period - Slapshot by Ladislav Smid.
7:40 of 3rd period - Shot Misses the Net.
7:52 of 3rd period - Snap shot by Taylor Beck.
7:52 of 3rd period - Shot Misses the Net.
8:20 of 3rd period - Off-side.
8:21 of 3rd period - Jordan Szwarz wins face-off versus Trevor Parkes in neutral zone.
9:40 of 3rd period - Ryan Olsen is hit by Keaton Ellerby and loses puck.
10:05 of 3rd period - Snap shot by Colton Sceviour.
10:05 of 3rd period - Stopped by FARM GOALIE14 with a rebound.
10:27 of 3rd period - Slapshot by Liam O'Brien.
10:27 of 3rd period - Stopped by FARM GOALIE14 without a rebound.
10:28 of 3rd period - Charles Sarault wins face-off versus Liam O'Brien in Penguins zone.
10:40 of 3rd period - Minor Penalty to Adam Clendening for Tripping.
10:41 of 3rd period - Daniel Briere wins face-off versus Patrice Cormier in Penguins zone.
10:42 of 3rd period - Snap shot by Taylor Beck.
10:42 of 3rd period - Stopped by FARM GOALIE14 with a rebound.
10:44 of 3rd period - Snap shot by Christian Thomas.
10:44 of 3rd period - Goal by Christian Thomas - Penguins : 1 - Rampage : 13.
10:45 of 3rd period - Jordan Szwarz wins face-off versus Charles Sarault in neutral zone.
10:56 of 3rd period - Adam Clendening is hit by Benn Ferriero and loses puck.
11:09 of 3rd period - Snap shot by Jordan Szwarz.
11:09 of 3rd period - Stopped by FARM GOALIE14 with a rebound.
11:44 of 3rd period - Minor Penalty to Charles Sarault for Tripping.
11:45 of 3rd period - Patrice Cormier wins face-off versus Daniel Briere in Penguins zone.
12:17 of 3rd period - FARMPLAYER2 is hit by Daniel Briere and loses puck.
12:47 of 3rd period - Trevor Parkes is hit by Tomas Kundratek and loses puck.
13:44 of 3rd period - Penalty to Charles Sarault is over, Charles Sarault is back on ice.
14:14 of 3rd period - Snap shot by Adam Clendening.
14:14 of 3rd period - Shot Hit the Post.
14:39 of 3rd period - Wrist shot by Dustin Gazley.
14:39 of 3rd period - Shot Misses the Net.
15:12 of 3rd period - Jeff Schultz is hit by Matthew Corrente and loses puck.
15:41 of 3rd period - Slapshot by Adam Clendening.
15:41 of 3rd period - Shot Misses the Net.
15:43 of 3rd period - Snap shot by Danny Biega.
15:43 of 3rd period - Shot Misses the Net.
16:23 of 3rd period - FARMPLAYER2 is hit by Christian Thomas and loses puck.
17:02 of 3rd period - Dustin Gazley is hit by Bryan Rust and loses puck.
17:36 of 3rd period - Slapshot by Adam Clendening.
17:36 of 3rd period - Stopped by Viktor Fasth with a rebound.
17:38 of 3rd period - Wrist shot by FARMPLAYER2.
17:38 of 3rd period - Stopped by Viktor Fasth with a rebound.
18:07 of 3rd period - Wrist shot by Jordan Szwarz.
18:07 of 3rd period - Stopped by FARM GOALIE14 with a rebound.
18:35 of 3rd period - Philippe Cornet is hit by Connor Brickley.
19:40 of 3rd period - Colton Sceviour is hit by Garrett Meurs and loses puck.
19:51 of 3rd period - Patrice Cormier is hit by Colton Sceviour and loses puck.
Goals for this period are 0 for Penguins vs 2 for Rampage.
Shots for this period are 4 for Penguins vs 12 for Rampage.